 Seeded DCSS version 0.32-a0-918-g0f22ef8d61 (webtiles) character file.

Game seed: 8063103794648955265 (custom seed)

3 innerfire43 the Trooper (level 1, -1/18 HPs)
             Began as a Demonspawn Monk on Apr 10, 2024.
             Frozen to death by an endoplasm (5 damage)
             ... on level 1 of the Dungeon.
             The game lasted 00:00:15 (27 turns).

innerfire43 the Trooper (Demonspawn Monk)             Turns: 27, Time: 00:00:16

Health: -1/18      AC:  2    Str: 11    XL:     1   Next: 41%
Magic:  1/1        EV: 11    Int: 10    God:
Gold:   0          SH:  0    Dex: 15    Spells: 0/0 levels left

rFire   . . .        a - +0 mace
rCold   . . .        d - orb {light}
rNeg    . . .        b - +0 robe
rPois   .            (no helmet)
rElec   .            (no cloak)
rCorr   .            (no gloves)
SInv    .            (no boots)
Will    .....        (no amulet)
Stlth   +            (no ring)
HPRegen 0.23/turn    (no ring)
MPRegen 0.07/turn

%: no passive effects
@: glowing
A: no striking features
a: no special abilities


You were on level 1 of the Dungeon.
You visited 1 branch of the dungeon, and saw 1 of its levels.

Inventory:

Hand Weapons
 a - a +0 mace (weapon)
Armour
 b - a +0 robe (worn)
 d - an orb of light (worn)


   Skills:
 + Level 3.0 Fighting
 + Level 2.7 Maces & Flails
 * Level 0.4 Armour
 - Level 2.6 Dodging


You couldn't memorise any spells.
You didn't know any spells.
Your spell library was empty.

Dungeon Overview and Level Annotations

Branches:
Dungeon (1/15)

Altars:


Message History

The kobold attacks as it pursues you! The kobold hits you with a +0 dagger.
You bump into the rock wall.
The endoplasm barely misses you. The endoplasm freezes you.
You are frozen.
The kobold hits you but does no damage.
You bump into the rock wall.
The endoplasm misses you. The endoplasm freezes you.
You are frozen.
The kobold closely misses you.
You sock the rat!
You kill the rat!
The endoplasm freezes you.
You are frozen.
The endoplasm freezes you.
You are frozen.
The kobold hits you with a +0 dagger. The endoplasm freezes you.
You are frozen.
* * * LOW HITPOINT WARNING * * *
You bump into the rock wall.
You feel less invigorated.
You feel less confused. The endoplasm misses you.
The kobold hits you with a +0 dagger.
The endoplasm hits you but does no damage.
You barely miss the kobold. The endoplasm freezes you.
You are frozen.
The kobold hits you with a +0 dagger.
* * * LOW HITPOINT WARNING * * *
The endoplasm freezes you.
You are frozen.
* * * LOW HITPOINT WARNING * * *
The endoplasm hits you but does no damage.
The kobold barely misses you.
You completely miss the kobold. The endoplasm hits you.
* * * LOW HITPOINT WARNING * * *
The endoplasm hits you but does no damage.
The kobold closely misses you.
Unknown command.
You hit the kobold.
The kobold is severely wounded.
The endoplasm barely misses you. The endoplasm freezes you.
You are frozen.
You die...

.... ###..#
....###### ##
....#...# #..
#.. #.<.#
#.#...#.###...#
#.....).......#
###...#.JJ>...#
#.. #.K@....#
#. #####...# #
#...# #...#
#...# #.♣.#


You could see 2 endoplasms and a kobold.

Vanquished Creatures
  A hobgoblin (D:1)
  A kobold (D:1)
  2 rats (D:1)
4 creatures vanquished.

Notes
Turn   | Place    | Note
-------+----------+-------------------------------------------
     0 | D:1      | innerfire43 the Demonspawn Monk began the quest for the
                  | Orb.
     0 | D:1      | Reached XP level 1. HP: 18/18 MP: 1/1
    27 | D:1      | Frozen to death by an endoplasm

Illustrated notes

Levels and vault maps discovered:
D:1:      amcnicky_arrival_blooded_trapdoor, layout_loops_cross

Action                     || total
---------------------------++-------
  Melee: Mace              ||    14
    Use: Potion            ||     1
 Armour: Robe              ||    20
  Dodge: Dodged            ||    21

Table legend: (Time is in decaauts)
 A = Elapsed time spent in this place.
 B = Non-inter-level travel time spent in this place.
 C = Inter-level travel time spent in this place.
 D = Time resting spent in this place.
 E = Time spent auto-exploring this place.
 F = Levels seen in this place.
 G = Mean time per level.
                   A        B        C        D        E       F      G
               +--------+--------+--------+--------+--------+-----+--------+
         Total |     30 |     30 |      0 |      0 |      2 |   1 |   30.0 |
       Dungeon |     30 |     30 |      0 |      0 |      2 |   1 |   30.0 |
               +--------+--------+--------+--------+--------+-----+--------+

Top non-repeatable levels by time:
     D:1: 30 daAuts
